 Dungeon Crawl Stone Soup version 0.31.0-2-g5a2aebc5c2 (webtiles) character file.

Game seed: 4188337130671410499

102 Arcadio the Trooper (level 4, -4/41 HPs)
             Began as a Minotaur Fighter on Jan 20, 2024.
             Was an Initiate of Elyvilon.
             Slain by Grinder (8 damage)
             ... on level 3 of the Dungeon.
             The game lasted 00:03:07 (1704 turns).

Arcadio the Trooper (Minotaur Fighter)              Turns: 1704, Time: 00:03:08

Health: -4/41      AC: 11    Str: 22    XL:     4   Next: 50%
Magic:  3/3        EV:  8    Int:  5    God:    Elyvilon [......]
Gold:   155        SH:  4    Dex: 10    Spells: 3/3 levels left

rFire   . . .        a - +0 war axe
rCold   . . .        c - +0 buckler
rNeg    . . .        t - +0 chain mail
rPois   .            (helmet restricted)
rElec   .            (no cloak)
rCorr   .            (no gloves)
SInv    +            l - +1 pair of boots
Will    .....        (no amulet) Stlth
                     r - ring of see invisible
HPRegen 0.26/turn    (no ring)
MPRegen 0.08/turn

%: no passive effects
@: mighty
A: horns 2, retaliatory headbutt
a: Renounce Religion


You were on level 3 of the Dungeon.
You worshipped Elyvilon.
Elyvilon was noncommittal.
You visited 1 branch of the dungeon, and saw 3 of its levels.

You collected 155 gold pieces.

Inventory:

Hand Weapons
 a - a +0 war axe (weapon)
Armour
 b - a +0 scale mail
 c - a +0 buckler (worn)
 l - a +1 pair of boots (worn)
 t - a +0 chain mail (worn)
Jewellery
 r - a ring of see invisible (left hand)
Scrolls
 f - 3 scrolls of immolation {unknown}
 i - a scroll of enchant weapon {unknown}
 j - a scroll of teleportation {unknown}
 k - a scroll of poison {unknown}
 n - a scroll of fear {unknown}
 q - a scroll of fog {unknown}
Potions
 d - a potion of might
 e - a potion of resistance
 g - a potion of heal wounds {unknown}
 h - 2 potions of lignification
 m - a potion of ambrosia {unknown}
 o - 2 potions of brilliance {unknown}
 p - a potion of enlightenment {unknown}
 s - a potion of curing {unknown}


   Skills:
 + Level 4.8 Fighting
 + Level 3.8 Axes
 + Level 4.7 Armour
 - Level 3.6 Shields


You had 3 spell levels left.
You didn't know any spells.
Your spell library contained the following spells:

 Spells                   Type           Power      Damage    Failure   Level
 Necrotise                Necr           0%         1d4       99%         1
 Slow                     Hex            0%         N/A       99%         1
 Confusing Touch          Hex            0%         N/A       100%        3
 Sigil of Binding         Hex            0%         N/A       100%        3
 Vampiric Draining        Necr           0%         2d6       100%        3
 Martyr's Knell           Necr/Summ      0%         N/A       100%        4
 Curse of Agony           Necr           0%         N/A       100%        5


Dungeon Overview and Level Annotations

Branches:
Dungeon (3/15) Zot: 16247

Altars:
Elyvilon
Yredelemnul

Annotations:
D:3 Grinder


Innate Abilities, Weirdness & Mutations

You have a pair of horns on your head.
You reflexively headbutt those who attack you in melee.


Message History

You hit the bat.
You kill the bat!
Grinder gestures at you. You resist with significant effort.
You hit Grinder.
Grinder is moderately wounded.
Grinder gestures at you. Pain shoots through your body! Grinder hits you.
You writhe in agony.
You closely miss Grinder. Your headbutt misses Grinder.
Grinder is moderately wounded.
You block Grinder's attack.
You hit Grinder but do no damage. Your headbutt misses Grinder.
Grinder is moderately wounded.
Grinder gestures at you.
You suddenly lose the ability to move!
Grinder hits you but does no damage.
You can move again.
You slash Grinder!
Grinder is heavily wounded.
Grinder hits you.
You writhe in agony.
Grinder hits you.
* * * LOW HITPOINT WARNING * * *
You writhe in agony.
* * * LOW HITPOINT WARNING * * *
You barely miss Grinder.
Grinder is heavily wounded.
Grinder hits you but does no damage.
You hit Grinder.
Grinder is heavily wounded.
Grinder hits you.
* * * LOW HITPOINT WARNING * * *
You writhe in agony.
* * * LOW HITPOINT WARNING * * *
You feel very mighty all of a sudden. Grinder hits you!
Elyvilon protects you from harm!
You closely miss Grinder.
Grinder is heavily wounded.
Grinder completely misses you. Grinder hits you!
You die...
Grinder sighs, "Dead already?
I want a refund."

#.##.[# ##.. #.##.## #..
.. #†#..# #.. .. #.#.###
#.. #.# #.....#
#.####..##. ....#.#
#.#......$. ..#.#.#####
#.#........
..#.#.....####.#........
.##.#####..##..#@5......
.....# ##.##...........
#....# #...............
##...# #.(..#..........
# ...# #...##..........
# ...# #.#.............
########..#....#........
............#..####.####
######....#.#... .#


You could see Grinder.

Vanquished Creatures
  2 adders
  2 dart slugs
  A ribbon worm (D:2)
  4 orcs (D:3)
  7 endoplasms
  3 giant cockroaches
  4 goblins
  8 hobgoblins
  8 quokkas
  7 ball pythons
  7 bats
  2 frilled lizards
  7 kobolds
  7 rats
69 creatures vanquished.

Vanquished Creatures (others)
  A quokka (D:3)
1 creature vanquished.

Grand Total: 70 creatures vanquished

Notes
Turn   | Place    | Note
-------+----------+-------------------------------------------
     0 | D:1      | Arcadio the Minotaur Fighter began the quest for the Orb.
     0 | D:1      | Reached XP level 1. HP: 19/19 MP: 0/0
    71 | D:1      | Reached XP level 2. HP: 27/27 MP: 1/1
   481 | D:1      | Reached XP level 3. HP: 31/33 MP: 2/2
   641 | D:2      | Found a basalt altar of Yredelemnul.
  1261 | D:2      | Reached XP level 4. HP: 35/41 MP: 3/3
  1406 | D:3      | Found a white marble altar of Elyvilon.
  1414 | D:3      | Became a worshipper of Elyvilon the Healer
  1681 | D:3      | Noticed Grinder
  1698 | D:3      | Paralysed by Grinder for 2 turns
  1703 | D:3      | Elyvilon protects you from harm!
  1704 | D:3      | Slain by Grinder

Illustrated notes

Levels and vault maps discovered:
D:1:      dpeg_arrival_rooms_a, layout_rooms
D:2:      layout_basic, basic_altar, chequers_serial_rivers_small_a
D:3:      layout_rooms, elyvilon_altar_4, uniq_robin, uniq_grinder

Skill      XL: |  1  2 |
---------------+-------+-----
Fighting       | 4 |  4.8
Armour         | 4 |  4.7
Axes           | 3 |  3.8
Shields        | |  3.6

Action                     |  1- 3 |  4- 6 || total
---------------------------+-------+-------++-------
  Melee: War axe           |    87 |    42 ||   129
         Headbutt          |    11 |     4 ||    15
    Use: Scroll            |     2 |       ||     2
         Potion            |       |     1 ||     1
 Armour: Scale mail        |    67 |    26 ||    93
         Chain mail        |       |    15 ||    15
  Dodge: Dodged            |    41 |    27 ||    68
  Block: Buckler           |    20 |    13 ||    33
